 Dungeon Crawl Stone Soup version 0.30-b1-2-g02819fbbbe (webtiles) character file.

Game seed: 4235146589413642899

347 sanka the Nimble (level 6, 0/43 HPs)
             Began as a Merfolk Hexslinger on May 9, 2023.
             Was a Believer of Makhleb.
             Slain by an ice beast (2 damage)
             ... on level 3 of the Dungeon.
             The game lasted 00:03:07 (2182 turns).

sanka the Nimble (Merfolk Hexslinger)               Turns: 2182, Time: 00:03:08

Health: 0/43       AC: 10    Str: 10    XL:     6   Next: 59%
Magic:  16/16      EV: 17    Int: 13    God:    Makhleb [**....]
Gold:   129        SH:  0    Dex: 16    Spells: 6/7 levels left

rFire   . . .        m - +5 short sword of Beastly Guile {protect, MP+9}
rCold   . . .        (no shield)
rNeg    . . .        c - +0 robe
rPois   .            k - +0 helmet
rElec   .            (no cloak)
rCorr   .            (no gloves)
SInv    .            (no boots)
Will    .....        (no amulet)
Stlth   +            (no ring)
HPRegen 0.27/turn    (no ring)
MPRegen 0.15/turn

%: no passive effects
@: under a protective aura
A: (nimble swimmer 2), mertail
a: Renounce Religion, Minor Destruction


You were on level 3 of the Dungeon.
You worshipped Makhleb.
Makhleb was pleased with you.
You visited 1 branch of the dungeon, and saw 3 of its levels.

You collected 129 gold pieces.

Inventory:

Hand Weapons
 a - a +1 sling
 m - the +5 short sword of Beastly Guile (weapon) {protect, MP+9}
   (You found it on level 2 of the Dungeon)

   MP:        It affects your magic capacity (+9).
Armour
 c - a +0 robe (worn)
 k - a +0 helmet (worn)
Jewellery
 e - a +6 ring of strength
Scrolls
 b - a scroll of poison {!r}
 d - 2 scrolls of teleportation {unknown}
 f - a scroll of fog {unknown}
 i - 4 scrolls of identify {unknown}
 l - a scroll of blinking {unknown}
 q - a scroll of noise {unknown}
Potions
 g - 2 potions of curing {unknown}
 h - a potion of flight {unknown}
 j - a potion of heal wounds {unknown}
 n - a potion of cancellation {unknown}
 o - 2 potions of brilliance {unknown}
 p - a potion of mutation {unknown}


   Skills:
 + Level 1.4 Fighting
 - Level 1.5 Ranged Weapons
 + Level 8.9 Dodging
 - Level 1.0 Spellcasting
 - Level 3.0 Hexes


You had 6 spell levels left.
You knew the following spells:

 Your Spells              Type           Power      Damage    Failure   Level
a - Slow                  Hex            32%        N/A       9%          1

Your spell library contained the following spells:

 Spells                   Type           Power      Damage    Failure   Level
 Inner Flame              Hex/Fire       4%         N/A       41%         3
 Portal Projectile        Hex/Tloc       8%         N/A       41%         3
 Cause Fear               Hex            4%         N/A       63%         4


Dungeon Overview and Level Annotations

Branches:
Dungeon (3/15)

Altars:
Makhleb

Annotations:
D:2 1 runed translucent door, Crazy Yiuf
D:3 Sigmund


Innate Abilities, Weirdness & Mutations

((You are very nimble when in or above water. (Stealth+, EV+, Speed+++)))
Your lower body shifts to a powerful aquatic tail in water.


Message History

Sigmund shouts!
You hit the ice beast.
Your weapon exudes an aura of protection.
The ice beast is lightly wounded.
Sigmund gestures at you while chanting. The puff of flame hits you!
The ice beast closely misses you.
You hit the ice beast.
The ice beast is moderately wounded.
The ice beast closely misses you. The ice beast attacks as you move away!
The ice beast hits you but does no damage.
The ice beast attacks as you move away! The ice beast closely misses you.
The ice beast attacks as you move away! The ice beast closely misses you.
There is an open door here.
The ice beast attacks as you move away! The ice beast hits you.
The ice beast freezes you! The ice beast attacks as you move away!
The ice beast barely misses you.
You closely miss the ice beast.
The ice beast is moderately wounded.
Sigmund casts a spell.
Sigmund flickers and vanishes!
Deactivating autopickup; reactivate with Ctrl-A.
The ice beast completely misses you.
You hit the ice beast but do no damage.
Your weapon exudes an aura of protection.
The ice beast is lightly wounded.
The ice beast barely misses you.
You hit the ice beast.
The ice beast is moderately wounded.
Something closely misses you. The ice beast closely misses you.
You hit the ice beast.
The ice beast is moderately wounded.
The ice beast hits you. The ice beast freezes you!
* * * LOW HITPOINT WARNING * * *
You hit the ice beast.
The ice beast is heavily wounded.
Something hits you.
* * * LOW HITPOINT WARNING * * *
The ice beast hits you.
You die...

#.............# ###.# #.##
#.............# #.###.##
#.............##### #...#.##
#.............#...#####...##
#.......@.................##
#+#########'#.#)..........##
#.#.#............#
#Y#.#..........^.#
#@#.#............#
#.#.#............#
#.#)#...########.. #.#.#...#
##. #.#.#...##....# ## #.#.#
##....# #. #.#.# #.....###.
#.#.# #.....#.'. #####.#.#
#.....#.#.


You could see an ice beast.

Vanquished Creatures
  Grinder (D:3)
  Natasha (twice) (D:2)
  Robin (D:3)
  2 adders (D:2)
  An ufetubus (D:3)
  A worm (D:2)
  5 bats
  6 endoplasms
  13 goblins
  6 hobgoblins
  8 kobolds
  2 quokkas (D:1)
  2 ball pythons
  5 frilled lizards
  6 rats
61 creatures vanquished.

Notes
Turn   | Place    | Note
-------+----------+-------------------------------------------
     0 | D:1      | sanka the Merfolk Hexslinger began the quest for the Orb.
     0 | D:1      | Reached XP level 1. HP: 15/15 MP: 2/2
    17 | D:1      | Reached skill level 3 in Dodging
   157 | D:1      | Reached XP level 2. HP: 17/21 MP: 3/3
   413 | D:1      | Reached skill level 4 in Dodging
   944 | D:2      | Found a faded altar of an unknown god.
   953 | D:2      | Reached XP level 3. HP: 26/26 MP: 4/4
   956 | D:2      | Prayed at the altar of an unknown god.
   956 | D:2      | Became a worshipper of Makhleb the Destroyer
   956 | D:2      | Reached * piety under Makhleb
   968 | D:2      | Identified the +5 short sword of Beastly Guile {protect,
                  | MP+9}
  1116 | D:2      | Reached skill level 5 in Dodging
  1269 | D:2      | Found a runed translucent door.
  1270 | D:2      | Noticed Crazy Yiuf
  1371 | D:2      | Noticed Natasha
  1384 | D:2      | Killed Natasha
  1385 | D:2      | Reached skill level 6 in Dodging
  1385 | D:2      | Reached XP level 4. HP: 24/32 MP: 5/5
  1519 | D:2      | Noticed Natasha
  1528 | D:2      | Killed Natasha
  1799 | D:3      | Reached ** piety under Makhleb
  1817 | D:3      | Reached XP level 5. HP: 36/37 MP: 6/6
  1902 | D:3      | Noticed Grinder
  1911 | D:3      | Killed Grinder
  1912 | D:3      | Reached skill level 8 in Dodging
  1912 | D:3      | Reached XP level 6. HP: 43/43 MP: 7/7
  2138 | D:3      | Noticed Robin
  2154 | D:3      | Killed Robin
  2165 | D:3      | Noticed an ice beast
  2167 | D:3      | Noticed Sigmund
  2182 | D:3      | HP: 2/43 [something (6)]
  2182 | D:3      | Slain by an ice beast

Illustrated notes

Levels and vault maps discovered:
D:1:      mrwooster_arrival_arrow, layout_loops_corners
D:2:      layout_rooms, ebering_ecumenical_altar_webs, uniq_natasha,
          uniq_crazy_yiuf_cottage
D:3:      layout_basic, uniq_grinder, uniq_robin, uniq_sigmund

Skill      XL: |  1  2  3  4  5 |
---------------+----------------+-----
Dodging        | 3 4 6 8 |  8.9
Fighting       | |  1.4
Ranged Weapons | |  1.5
Spellcasting   | |  1.0
Hexes          | |  3.0

Action                     |  1- 3 |  4- 6 || total
---------------------------+-------+-------++-------
  Melee: Short sword       |    45 |    77 ||   122
         Punch             |       |     1 ||     1
   Fire: Sling             |    79 |       ||    79
  Evoke: Wand              |       |     7 ||     7
   Stab: Sleeping          |     1 |       ||     1
 Armour: Robe              |    18 |    20 ||    38
  Dodge: Dodged            |    60 |    54 ||   114
